 Dungeon Crawl Stone Soup version 0.27-a0-58-g0ec5f8ab93 (webtiles) character file.

Game seed: 16251901443644061234

44 Forecaster the Magician (level 3, -1/28 HPs)
             Began as a Naga Hedge Wizard on Jan 8, 2021.
             Slain by a kobold
             ... wielding a cursed +0 dagger
              (4 damage)
             ... on level 2 of the Dungeon.
             The game lasted 00:05:10 (1491 turns).

Forecaster the Magician (Naga Hedge Wizard)         Turns: 1491, Time: 00:05:11

Health: -1/28      AC:  3    Str: 12    XL:     3   Next: 62%
Magic:  2/8        EV:  6    Int: 14    God:
Gold:   33         SH:  5    Dex: 11    Spells: 4/9 levels left

rFire    . . .     SeeInvis +   a - +0 dagger
rCold    . . .     Faith    .   (no shield)
rNeg     + . .     Spirit   .   b - +0 robe
rPois    +         Reflect  +   c - +1 hat
rElec    .         Harm     .   (no cloak)
rCorr    .         Rampage  .   (no gloves)
Will     .....                  (no barding)
Stlth    ++........             j - amulet of reflection
HPRegen  0.09/turn              h - -4 ring of evasion (curse)
MPRegen  0.11/turn              d - ring of positive energy

@: very slow
A: large, see invisible, deformed body, poison resistance, slowness 2, spit
poison 1, AC +1
a: Spit Poison


You were on level 2 of the Dungeon.
You visited 1 branch of the dungeon, and saw 2 of its levels.

You collected 33 gold pieces.

Inventory:

Hand Weapons
 a - a +0 dagger (weapon)
Missiles
 i - 17 poisoned darts
Armour
 b - a +0 robe (worn)
 c - a +1 hat (worn)
Jewellery
 d - a ring of positive energy (right hand)
 h - a cursed -4 ring of evasion (left hand)
 j - an amulet of reflection (around neck)
 k - a cursed amulet of magic regeneration {unknown}
Scrolls
 g - a scroll of enchant weapon {unknown}
 m - a scroll of teleportation {unknown}
Potions
 e - 2 potions of curing {unknown}
 f - a potion of might {unknown}
 l - a potion of haste {unknown}


   Skills:
 + Level 0.1 Fighting
 + Level 1.7 Dodging
 + Level 3.7 Stealth
 + Level 3.8 Spellcasting
 + Level 1.3 Conjurations
 + Level 1.0 Summonings
 + Level 1.0 Translocations


You had 4 spell levels left.
You knew the following spells:

 Your Spells              Type           Power        Failure   Level
a - Magic Dart            Conj           24%          12%         1
b - Call Imp              Summ           5%           19%         2
c - Blink                 Tloc           N/A          21%         2

Your spell library contained the following spells:

 Spells                   Type           Power        Failure   Level
 Slow                     Hex            2%           30%         2
 Conjure Flame            Conj/Fire      4%           41%         3
 Mephitic Cloud           Conj/Pois/Air  3%           45%         3


Dungeon Overview and Level Annotations

Branches:
Dungeon (2/15)

Altars:


Innate Abilities, Weirdness & Mutations

You cannot wear boots.
Your serpentine skin is tough. (AC +1)
You have supernaturally acute eyesight. (SInv)
Armour fits poorly on your strangely shaped body.
Your system is resistant to poisons. (rPois)
You cover ground very slowly.
You can spit poison.


Message History

* * * LOW HITPOINT WARNING * * *
Your crimson imp hits the kobold.
Your crimson imp blinks!
You block the kobold's attack.
Your crimson imp hits the kobold but does no damage.
The kobold hits you but does no damage.
Your crimson imp disappears in a puff of smoke!
Your crimson imp hits the kobold.
The kobold closely misses your crimson imp.
The kobold misses your crimson imp.
Your crimson imp blinks!
The kobold hits your crimson imp but does no damage.
Your crimson imp blinks!
The kobold barely misses your crimson imp.
Your crimson imp closely misses the kobold.
There is an open door here.
The kobold closely misses your crimson imp.
Your crimson imp barely misses the kobold.
The kobold hits you with a cursed +0 dagger.
You die...

###### ### #....# ..##
#....############
#..##########....#.....(....#####
+.............[.@K.....)(.....>..
##..#########....#....K5)...####
###.# #############'### # #.# #.#
# #.# #.# # #.# ##.# #.# #..# #.#
......'..# ....!K'..#


You could see 2 kobolds and a friendly crimson imp (summoned).

Vanquished Creatures
  An adder (D:2)
  2 leopard geckos (D:1)
  7 bats
  2 goblins (D:1)
  4 hobgoblins (D:1)
  A ball python (D:1)
  4 kobolds
  3 rats (D:1)
24 creatures vanquished.

Vanquished Creatures (collateral kills)
  2 dart slugs (D:1)
  A hobgoblin (D:1)
  A bat (D:2)
  A frilled lizard (D:2)
  2 goblins
  4 kobolds (D:2)
11 creatures vanquished.

Vanquished Creatures (others)
  9 toadstools (D:2)
9 creatures vanquished.

Grand Total: 44 creatures vanquished

Notes
Turn   | Place    | Note
-------+----------+-------------------------------------------
     0 | D:1      | Forecaster the Naga Hedge Wizard began the quest for the
                  | Orb.
     0 | D:1      | Reached XP level 1. HP: 15/15 MP: 4/4
   115 | D:1      | Reached XP level 2. HP: 11/22 MP: 0/6
   118 | D:1      | Learned a level 2 spell: Call Imp
   121 | D:1      | Learned a level 2 spell: Blink
   782 | D:1      | Reached XP level 3. HP: 22/28 MP: 1/8
  1491 | D:2      | Slain by a kobold

Illustrated notes

Levels and vault maps discovered:
D:1:      lemuel_arrival_broad_hall, layout_rooms, minivault_24
D:2:      cheibrodos_fertilizer, layout_basic

Action                   || total
-------------------------++-------
Melee: Dagger            ||    29
 Cast: Magic Dart        ||    47
       Call Imp          ||    12
  Use: Scroll            ||     2
Armor: Robe              ||     4
Dodge: Dodged            ||    14
Block: Other             ||     9

Table legend: (Time is in decaauts)
 A = Elapsed time spent in this place.
 B = Non-inter-level travel time spent in this place.
 C = Inter-level travel time spent in this place.
 D = Time resting spent in this place.
 E = Time spent auto-exploring this place.
 F = Levels seen in this place.
 G = Mean time per level.
                   A        B        C        D        E       F      G
               +--------+--------+--------+--------+--------+-----+--------+
         Total |   1702 |   1681 |     21 |     90 |   1260 |   2 |  851.0 |
       Dungeon |   1702 |   1681 |     21 |     90 |   1260 |   2 |  851.0 |
               +--------+--------+--------+--------+--------+-----+--------+

Top non-repeatable levels by time:
     D:1: 1257 daAuts
     D:2: 444 daAuts
